 Dungeon Crawl Stone Soup version 0.17-a0-1805-g6093636 (webtiles) character file.

41 luca467 the Skirmisher (level 3, -2/26 HPs)
             Began as an Octopode Fighter on Sept 12, 2015.
             Was an Initiate of Dithmenos.
             Slain by a goblin
             ... wielding a +0 club
             ... led by Robin
              (6 damage)
             ... on level 3 of the Dungeon.
             The game lasted 00:07:08 (1582 turns).

luca467 the Skirmisher (Octopode Fighter)           Turns: 1582, Time: 00:07:08

Health: -2/26      AC:  1    Str: 15    XL:     3   Next: 52%
Magic:  3/3        EV:  5    Int: 10    God:    Dithmenos [......]
Gold:   89         SH:  9    Dex: 12    Spells: 0 memorised, 2 levels left

rFire  . . .     SeeInvis .     a - +1 rapier
rCold  . . .     Clarity  .     b - +1 shield
rNeg   . . .     SustAt   .     (helmet restricted)
rPois  .         Gourm    .     (no amulet)
rElec  .         Spirit   .     (no ring)
rCorr  .         Warding  .     (no ring)
rMut   .         Stasis   .     (no ring)
MR     .....                    (no ring)
Stlth  +++.......               (no ring)
                                (no ring)
                                (no ring)
                                (no ring)

@: not resistant to hostile enchantments, fairly stealthy
A: almost no armour, amphibious, 8 rings, constrict 8, camouflage 1, gelatinous
body 1
a: Renounce Religion


You were on level 3 of the Dungeon.
You worshipped Dithmenos.
Dithmenos was noncommittal.
You were very hungry.

You visited 1 branch of the dungeon, and saw 3 of its levels.

You collected 89 gold pieces.

Inventory:

Hand weapons
 a - a +1 rapier (weapon)
Armour
 b - a +1 shield (worn)
Scrolls
 e - a scroll of blinking
 m - 3 scrolls of identify
Potions
 c - 2 potions of might
 f - a potion of heal wounds {unknown}
 g - a potion of degeneration {unknown}
 i - a potion of invisibility {unknown}
 j - a potion of lignification {unknown}
 n - a potion of brilliance
 o - a potion of beneficial mutation {unknown}
 p - a potion of magic {unknown}
Comestibles
 d - 4 bread rations
 h - a royal jelly
 k - a fruit


   Skills:
 * Level 3.5 Fighting
 * Level 2.8 Short Blades
 - Level 3.0 Dodging
 + Level 2.2 Stealth
 - Level 3.0 Shields


You had 2 spell levels left.
You didn't know any spells.

Dungeon Overview and Level Annotations

Branches:
Dungeon (3/15)

Altars:
Dithmenos
Gozag
Kikubaaqudgha
Nemelex Xobeh
Qazlal

Annotations:
D:3 Robin


Innate Abilities, Weirdness & Mutations

You cannot wear most types of armour.
You are amphibious.
You can wear up to eight rings at the same time.
You can use your tentacles to constrict eight enemies at once.
Your skin changes colour to match your surroundings (Stealth).
Your rubbery body absorbs attacks (AC +1).


Message History

You climb downwards.
Level annotation: Robin Robin closely misses you.
A goblin comes into view. It is wielding a club.
There is a stone staircase leading up here.
The goblin moves out of view.
Robin hits you from afar with a trident!
Robin hits you with a trident!
A goblin comes into view. It is wielding a club.
Your shield prevents you from hitting Robin.
The goblin shouts! x2
You grab Robin. You squeeze Robin.
Robin is lightly wounded.
You constrict Robin. Robin throws the goblin at you!
The goblin closely misses you. Robin hits you but does no damage.
You release your grip on Robin.
The goblin hits you with a club.
* * * LOW HITPOINT WARNING * * *
There is a stone staircase leading up, spattered with blood here.
Robin barely misses you. The goblin hits you with a club.
You die...

## #. #.
#. #.##
#..#
#g####
#@.gg#
####.g.#
#.# .. .


You could see Robin and 3 goblins.

Vanquished Creatures
  2 worms (D:2)
  2 bats (D:1)
  2 giant cockroaches (D:1)
  8 hobgoblins
  4 jackals (D:1)
  4 kobolds
  3 giant newts
  5 goblins
  3 rats
33 creatures vanquished.

Notes
Turn   | Place    | Note
--------------------------------------------------------------
     0 | D:1      | luca467 the Octopode Fighter began the quest for the Orb.
     0 | D:1      | Reached XP level 1. HP: 16/16 MP: 1/1
    54 | D:1      | Reached skill level 1 in Stealth
    92 | D:1      | Reached XP level 2. HP: 13/21 MP: 2/2
   929 | D:2      | Reached XP level 3. HP: 26/26 MP: 3/3
  1352 | D:2      | Found an ancient bone altar of Kikubaaqudgha.
  1353 | D:2      | Found a sparkling altar of Nemelex Xobeh.
  1357 | D:2      | Found a stormy altar of Qazlal.
  1373 | D:2      | Found an opulent altar of Gozag.
  1376 | D:2      | Found a shadowy altar of Dithmenos.
  1543 | D:2      | Became a worshipper of Dithmenos the Shadowed
  1569 | D:3      | Noticed Robin
  1582 | D:3      | Slain by a goblin

Vault maps used:
D:1:      lightli_arrival_flooded_house
D:2:      grunt_temple_overflow_open, minitemple, first_bread
D:3:      dk_vineyard_2, lemuel_statue_altar, uniq_robin

Action                   || total
-------------------------++-------
Melee: Rapier            ||    66
  Use: Scroll            ||     7
 Stab: Sleeping          ||     7
  Eat: Chunk             ||     1
